 Dungeon Crawl Stone Soup version 0.18.1-48-g4cf74bf (webtiles) character file.

149 atgrul the Shooter (level 5, 0/41 HPs)
             Began as a Centaur Hunter on Aug 21, 2016.
             Hit by a stone thrown by a kobold (1 damage)
             ... on level 3 of the Dungeon.
             The game lasted 00:17:44 (3805 turns).

atgrul the Shooter (Centaur Hunter)                 Turns: 3805, Time: 00:17:46

Health: 0/41       AC:  4    Str: 15    XL:     5   Next: 9%
Magic:  5/5        EV:  9    Int:  8    God:
Gold:   217        SH:  0    Dex: 10    Spells: 0 memorised, 4 levels left

rFire  . . .     SeeInvis .     b - +0 short sword
rCold  . . .     Gourm    .     c - +0 leather armour
rNeg   . . .     Faith    .     (no shield)
rPois  .         Spirit   .     (helmet restricted)
rElec  .         Dismiss  .     (no cloak)
rCorr  .         Reflect  .     (no gloves)
SustAt .         Harm     .     (no barding)
MR     .....                    (no amulet)
Stlth  +.........               (no ring)
                                (no ring)

@: very quick, not resistant to hostile enchantments, very unstealthy
A: hooves 3, horns 1, deformed body, dopey 1, speed 2, tough skin 3
a: no special abilities


You were on level 3 of the Dungeon.
You were not hungry.

You visited 1 branch of the dungeon, and saw 3 of its levels.

You collected 217 gold pieces.

Inventory:

Hand Weapons
 a - a +1 shortbow
 b - a +0 short sword (weapon)
 h - a +0 club
Missiles
 d - 14 arrows
Armour
 c - a +0 leather armour (worn)
 g - a +0 helmet
Jewellery
 n - a cursed -5 ring of dexterity {unknown}
Scrolls
 e - a scroll of fog {unknown}
 i - 4 scrolls of identify {unknown}
 k - a scroll of teleportation
Potions
 l - a potion of invisibility {unknown}
Comestibles
 f - 2 bread rations


   Skills:
 * Level 2.2 Fighting
 + Level 7.7 Bows
 * Level 2.2 Dodging
 - Level 0.5 Stealth


You had 4 spell levels left.
You didn't know any spells.

Dungeon Overview and Level Annotations

Branches:
Dungeon (3/15)

Altars:
Makhleb


Innate Abilities, Weirdness & Mutations

You have hooves in place of feet.
Armour fits poorly on your strangely shaped body.
You cover ground very quickly.
You have extremely tough skin (AC +3).
You have a pair of small horns on your head.
You are dopey. (Int -2)


Message History

You kick the orc wizard, but do no damage.
The orc wizard is severely wounded.
The kobold throws a stone.
The stone barely misses you.
The orc wizard hits you but does no damage.
You closely miss the orc wizard.
The orc wizard is severely wounded.
The orc wizard barely misses you.
You hit the orc wizard but do no damage.
Your headbutt misses the orc wizard.
The orc wizard is severely wounded.
The orc wizard hits you with a dagger.
* * * LOW HITPOINT WARNING * * *
The kobold throws a stone.
The stone hits you but does no damage.
You closely miss the orc wizard. Your kick misses the orc wizard.
The orc wizard is severely wounded.
The orc wizard gestures at you while chanting.
The magic dart hits you!
* * * LOW HITPOINT WARNING * * *
The kobold throws a stone.
The stone hits you.
You die...

####............#### #.####
##.#....(.......####.####
#......(.....#......K... ####
##.....(........##..#### ....##
#.....(K...###.......#.
#...##.#.......## #.......#.
#....##..(..## #.........
##..#####)#######........# .
#..### #@# ............## ...
##....###o##.##.#.......##
....##..##...#)#..##.#.......#(
..........##.#(..###.###....##.
..............(........K.....#(
....#.####...[..####...#####...
......##........((...### ##..
####.##..######.......## #.#
##..#..## ##........### #..#


You could see an orc wizard and a kobold.

Vanquished Creatures
  A jelly (D:3)
  Jessica (D:2)
  3 adders
  3 worms
  2 dart slugs
  A giant gecko (D:3)
  5 orcs (D:3)
  2 ball pythons (D:2)
  9 bats
  2 giant cockroaches
  4 goblins
  4 hobgoblins
  4 giant newts
  4 kobolds (D:3)
  8 rats
  A fungus (D:1)
54 creatures vanquished.

Notes
Turn   | Place    | Note
--------------------------------------------------------------
     0 | D:1      | atgrul the Centaur Hunter began the quest for the Orb.
     0 | D:1      | Reached XP level 1. HP: 17/17 MP: 1/1
   375 | D:1      | Reached XP level 2. HP: 11/24 MP: 2/2
   501 | D:1      | Reached skill level 6 in Bows
  1040 | D:2      | Noticed Jessica
  1049 | D:2      | Killed Jessica
  1049 | D:2      | Reached XP level 3. HP: 15/29 MP: 3/3
  1331 | D:2      | Reached skill level 7 in Bows
  1604 | D:2      | Reached XP level 4. HP: 36/36 MP: 4/4
  2581 | D:3      | Gained mutation: You are dopey. (Int -2) [potion of mutation]
  2581 | D:3      | Gained mutation: You have a pair of small horns on your head. [potion of mutation]
  2902 | D:3      | Found a burning altar of Makhleb.
  2902 | D:3      | Noticed an Executioner
  3581 | D:2      | Reached XP level 5. HP: 33/41 MP: 5/5
  3805 | D:3      | HP: 1/41 [orc wizard/magic dart (3)]
  3805 | D:3      | Hit by a stone thrown by a kobold

Skill      XL: |  1  2  3  4 |
---------------+-------------+-----
Bows           | 6 7 |  7.7
Dodging        | 2 |  2.2
Fighting       | |  2.2
Stealth        | |  0.5

Action                   |  1- 3 |  4- 6 || total
-------------------------+-------+-------++-------
Melee: Shortbow          |    64 |     7 ||    71
       Kick              |    30 |    12 ||    42
       Short sword       |       |    54 ||    54
       Headbutt          |       |     7 ||     7
 Fire: Shortbow          |    76 |    73 ||   149
  Use: Potion            |       |     2 ||     2
       Scroll            |       |     1 ||     1
  Eat: Chunk             |     1 |     3 ||     4
       Beef jerky        |       |     2 ||     2
Armor: Leather armour    |    19 |    59 ||    78
Dodge: Dodged            |    23 |   102 ||   125
